Map: Galactic Process LE

Players

PtitDrogo - Winner!

  • Race: Protoss Protoss
  • League: Master

Tarrantius

  • Race: Protoss Protoss
  • League: Master

Event: DreamHack ZOWIE Open Valencia 2016

VOD

Have the link to the VOD?

Description

Time

  • Played on: July 14, 2016, 12:09 p.m.
  • Length: 11:00

All games in this series

Show
View Real Time Build Order
Export as new Build Order

PtitDrogo Protoss - Winner!

Build Orders:  

Get SALT Encoding   

  12  0:01  Probe (Chrono Boost)  
  13  0:11  Probe (Chrono Boost)  
  14  0:18  Pylon  
  14  0:22  Probe (Chrono Boost)  
  15  0:36  Probe (Chrono Boost), Gateway  
  15  0:41  Assimilator  
  16  0:47  Probe (Chrono Boost)  
  17  0:57  Probe (Chrono Boost)  
  17  0:59  Assimilator  
  18  1:08  Probe (Chrono Boost)  
  18  1:09  Gateway  
  20  1:18  Probe (Chrono Boost)  
  20  1:23  Cybernetics Core  
  20  1:29  Probe (Chrono Boost)  
  21  1:34  Pylon  
  21  1:39  Probe (Chrono Boost)  
  22  1:50  Probe (Chrono Boost)  
  23  1:55  Warp Gate  
  23  1:59  Stalker x2  
  27  2:05  Mothership Core (Chrono Boost)  
  29  2:17  Pylon  
  29  2:25  Probe (Chrono Boost)  
  30  2:35  Stalker  
  32  2:37  Stalker  
  32  2:41  Probe (Chrono Boost)  
  35  3:04  Nexus  
  35  3:10  Sentry x2  
  39  3:19  Pylon  
  39  3:30  Robotics Facility  
  39  3:38  Probe (Chrono Boost)  
  40  3:50  Probe (Chrono Boost)  
  41  3:59  Twilight Council  
  41  4:00  Probe (Chrono Boost)  
  42  4:11  Probe (Chrono Boost)  
  42  4:12  Pylon  
  42  4:17  Phoenix, Probe (Chrono Boost)  
  44  4:18  Observer  
  44  4:20  Blink  
  44  4:21  Probe (Chrono Boost)  
  46  4:27  Probe (Chrono Boost)  
  47  4:33  Probe (Chrono Boost)  
  47  4:34  Immortal  
  49  4:39  Probe (Chrono Boost)  
  49  4:43  Phoenix  
  49  4:45  Probe (Chrono Boost)  
  54  4:52  Probe (Chrono Boost)  
  55  4:56  Nexus  
  55  4:57  Probe (Chrono Boost)  
  56  5:04  Probe (Chrono Boost)  
  57  5:08  Immortal  
  57  5:09  Probe (Chrono Boost)  
  62  5:16  Probe (Chrono Boost)  
  62  5:17  Stalker  
  62  5:19  Stalker  
  67  5:24  Pylon  
  67  5:31  Probe (Chrono Boost)  
  67  5:34  Assimilator  
  69  5:35  Probe (Chrono Boost)  
  69  5:46  Gateway x2, Immortal  
  69  5:47  Gateway  
  69  5:56  Gateway  
  73  5:59  Probe (Chrono Boost)  
  73  6:02  Pylon  
  74  6:11  Pylon, Sentry x2, Probe (Chrono Boost)  
  75  6:16  Pylon  
  79  6:21  Immortal  
  79  6:25  Probe (Chrono Boost)  
  80  6:26  Pylon  
  84  6:37  Probe x2 (Chrono Boost)  
  86  6:42  Probe (Chrono Boost), Assimilator  
  86  6:46  Forge  
  79  6:54  Stalker x3  
  79  6:55  Stalker  
  87  7:04  Probe (Chrono Boost)  
  86  7:11  Immortal  
  86  7:15  Stalker x2  
  90  7:19  Assimilator  
  90  7:20  Assimilator  
  95  7:24  Probe (Chrono Boost)  
  97  7:30  Probe (Chrono Boost)  
  97  7:31  Probe (Chrono Boost)  
  97  7:36  Probe (Chrono Boost)  
  96  7:40  Probe (Chrono Boost)  
  97  7:50  Pylon  
  93  7:51  Stalker x4  
  93  7:52  Stalker x2  
  93  7:53  Pylon  
  105  8:04  Immortal  
  105  8:15  Stalker x5  
  115  8:25  Stalker  
  115  8:30  Photon Cannon  
  111  8:43  Stalker x5  
  121  8:49  Immortal  
  115  9:10  Stalker x5  
  115  9:11  Stalker  
  113  9:24  Warp Prism  
  107  9:39  Stalker  
  107  9:40  Stalker x5  
  119  10:14  Stalker x6  
  123  10:16  Nexus  
  127  10:38  Stalker  
  127  10:39  Stalker x5  
Show
View Real Time Build Order
Export as new Build Order

Tarrantius Protoss 

Build Orders:  

Get SALT Encoding   

  12  0:01  Probe (Chrono Boost)  
  13  0:11  Probe (Chrono Boost)  
  14  0:17  Pylon  
  14  0:22  Probe (Chrono Boost)  
  15  0:35  Probe (Chrono Boost)  
  16  0:37  Gateway  
  16  0:43  Assimilator  
  16  0:46  Probe (Chrono Boost)  
  17  0:52  Assimilator  
  18  0:57  Probe (Chrono Boost)  
  18  1:07  Probe (Chrono Boost)  
  18  1:09  Gateway  
  19  1:18  Probe (Chrono Boost)  
  20  1:24  Cybernetics Core  
  20  1:28  Probe (Chrono Boost)  
  21  1:39  Pylon, Probe (Chrono Boost)  
  22  1:45  Warp Gate  
  22  1:49  Probe (Chrono Boost)  
  25  2:02  Stalker  
  25  2:04  Mothership Core (Chrono Boost)  
  27  2:11  Stalker  
  29  2:19  Pylon  
  29  2:33  Probe (Chrono Boost)  
  29  2:37  Stalker  
  32  2:41  Stalker  
  35  2:45  Probe (Chrono Boost)  
  35  3:09  Nexus  
  35  3:15  Sentry  
  39  3:23  Pylon  
  39  3:26  Probe (Chrono Boost)  
  38  3:33  Pylon  
  38  3:38  Probe (Chrono Boost)  
  40  3:49  Probe (Chrono Boost)  
  40  3:53  Robotics Facility  
  40  3:55  Sentry  
  40  3:59  Probe (Chrono Boost)  
  43  4:10  Probe (Chrono Boost)  
  44  4:18  Pylon  
  44  4:19  Pylon  
  44  4:20  Probe (Chrono Boost)  
  44  4:22  Probe (Chrono Boost)  
  46  4:25  Sentry  
  49  4:31  Probe (Chrono Boost)  
  49  4:32  Probe (Chrono Boost)  
  50  4:40  Observer  
  50  4:41  Robotics Bay  
  50  4:43  Probe x2 (Chrono Boost)  
  53  4:51  Assimilator  
  53  4:53  Probe (Chrono Boost)  
  53  4:55  Probe (Chrono Boost)  
  53  4:59  Warp Prism  
  55  5:00  Twilight Council  
  57  5:11  Probe x2 (Chrono Boost)  
  60  5:22  Gateway  
  60  5:23  Probe (Chrono Boost), Gateway  
  60  5:29  Gateway  
  60  5:30  Disruptor  
  63  5:40  Probe (Chrono Boost)  
  63  5:41  Probe (Chrono Boost)  
  65  5:43  Sentry  
  65  5:44  Stalker, Assimilator  
  65  5:47  Gateway  
  69  5:51  Gateway  
  69  5:55  Probe (Chrono Boost)  
  69  5:56  Probe (Chrono Boost)  
  71  6:01  Disruptor  
  71  6:05  Probe (Chrono Boost)  
  71  6:11  Stalker, Sentry  
  77  6:16  Probe (Chrono Boost)  
  80  6:19  Pylon  
  80  6:21  Pylon, Probe (Chrono Boost)  
  81  6:27  Pylon  
  81  6:28  Probe (Chrono Boost)  
  82  6:34  Stalker x2  
  86  6:50  Warp Prism  
  86  7:17  Stalker x7  
  100  7:24  Observer  
  100  7:25  Gateway  
  101  7:32  Probe (Chrono Boost)  
  101  7:33  Probe (Chrono Boost)  
  101  7:34  Pylon  
  101  7:36  Twilight Council  
  103  7:43  Disruptor  
  104  7:54  Forge  
  104  7:55  Sentry x3  
  110  8:08  Nexus  
  110  8:14  Disruptor  
  111  8:27  Probe (Chrono Boost)  
  111  8:29  Pylon, Probe (Chrono Boost)  
  111  8:30  Protoss Ground Weapons Level 1  
  111  8:32  Pylon  
  109  9:01  Stalker x7  
  94  9:19  Disruptor  
  94  9:23  Stalker  
  92  9:30  Stalker  
  92  9:31  Stalker  
  95  9:32  Probe (Chrono Boost)  
  95  9:33  Probe (Chrono Boost)  
  95  9:34  Assimilator  
  95  9:38  Zealot, Assimilator  
  90  9:39  Zealot x3  
  90  9:40  Adept  
  90  9:42  Probe (Chrono Boost)  
  102  9:45  Probe (Chrono Boost)  
  102  9:50  Disruptor  
  102  9:52  Pylon  
  102  9:54  Pylon  
  102  9:55  Adept x3  
  102  10:14  Pylon  
  99  10:18  Sentry  
  99  10:21  Disruptor  
  99  10:24  Zealot x2  
  98  10:33  Stalker x2  
  98  10:34  Sentry x2  
  98  10:35  Zealot  
  93  10:43  Zealot  
  93  10:46  Zealot x2  

Tags
 
Add a new tag
Caveats
  • Supply blocks, unpowered buildings, or Contaminate may cause inaccurate times.
  • Supply counts are checked every 10 seconds.